 Dungeon Crawl Stone Soup version 0.21.1-1-g345015f (webtiles) character file.

50567 lysyklops the Cleaver (level 14, -18/113 HPs)
             Began as a Demonspawn Berserker on July 5, 2018.
             Was the Champion of Trog.
             Killed from afar by a deep elf mage (28 damage)
             ... with a lance of force
             ... on level 1 of the Elven Halls.
             The game lasted 01:45:18 (17881 turns).

lysyklops the Cleaver (Demonspawn Berserker)       Turns: 17881, Time: 01:45:19

Health: -18/113    AC: 21    Str: 21    XL:     14   Next: 20%
Magic:  0/14       EV:  5    Int: 10    God:    Trog [******]
Gold:   1300       SH: 18    Dex: 15    Spells: 13/13 levels left

rFire    + + .     SeeInvis .   l - +1 war axe (freeze)
rCold    . . .     Gourm    .   S - +0 large shield
rNeg     . . .     Faith    +   e - +1 plate armour
rPois    .         Spirit   +   E - +0 helmet
rElec    .         Reflect  .   s - +0 cloak (curse)
rCorr    +         Harm     .   K - +0 pair of gloves
MR       ++...                  (boots unavailable)
Stlth    ..........             A - amulet of faith
HPRegen  0.28/turn              G - ring of protection from fire
MPRegen  0.28/turn              N - ring "Qorpho" {rF+ MR+ AC-3 Int+2}

@: berserk cooldown, slowed, drained, very slow
A: talons 3, yellow scales 3, demonic guardian 2, augmentation 1, magic shield,
magic regeneration
a: Berserk, Trog's Hand, Brothers in Arms, Burn Spellbooks, Renounce Religion


You were on level 1 of the Elven Halls.
You worshipped Trog.
Trog was exalted by your worship.
You were not hungry.

You visited 4 branches of the dungeon, and saw 18 of its levels.
You also visited: Labyrinth and Sewer.

You collected 1446 gold pieces.
You spent 146 gold pieces at shops.

Inventory:

Hand Weapons
 l - a +1 war axe of freezing (weapon)
 m - a +6 antimagic long sword
 t - a +6 antimagic executioner's axe
 B - a +0 mace of protection
 C - a +3 hand axe of freezing
 V - a +1 antimagic morningstar
Missiles
 x - 3 throwing nets (quivered)
 F - 8 needles of sleeping
Armour
 e - a +1 plate armour (worn)
 k - the +3 salamander hide armour {+Rage rF++}
   (You found it in a labyrinth)

   It greatly protects you from fire.
   It lets you go berserk.
 s - a cursed +0 cloak (worn)
 E - a +0 helmet (worn)
 K - a +0 pair of gloves (worn)
 R - +0 fire dragon scales
 S - a +0 large shield (worn)
Magical Staves
 r - an uncursed staff of conjuration {unknown}
Jewellery
 A - an amulet of faith (around neck)
 G - a ring of protection from fire (left hand)
 N - the ring "Qorpho" (right hand) {rF+ MR+ AC-3 Int+2}
   (You found it on level 6 of the Dungeon)

   [ring of protection]

   It affects your AC (-3).
   It affects your intelligence (+2).
   It protects you from fire.
   It affects your resistance to hostile enchantments.
 W - an uncursed ring of stealth
Wands
 a - a wand of enslavement (17)
 b - a wand of acid (10)
 y - a wand of flame (32)
 D - a wand of iceblast (10)
 X - a wand of polymorph (9)
Scrolls
 d - 4 scrolls of teleportation
 g - 3 scrolls of enchant armour
 i - 7 scrolls of remove curse
 n - 3 scrolls of blinking
 o - 4 scrolls of fog
 p - 4 scrolls of magic mapping
 q - 3 scrolls of enchant weapon
 z - a scroll of summoning
 U - 2 scrolls of identify
Potions
 f - 3 potions of ambrosia
 h - a potion of heal wounds
 j - 4 potions of resistance
 w - 10 potions of curing
 I - 2 potions of magic
 J - a potion of agility
 L - 2 potions of brilliance
 M - 2 potions of might
Miscellaneous
 u - a crystal ball of energy
Comestibles
 c - 27 rations


   Skills:
 + Level 11.4(11.1) Fighting
 + Level 12.3(12.5) Axes
 + Level 6.2(9.8) Maces & Flails
 + Level 11.0(10.6) Armour
 - Level 1.7(1.5) Dodging
 - Level 0.4(0.1) Stealth
 + Level 11.7(11.4) Shields


You had 13 spell levels left.
You didn't know any spells.

Dungeon Overview and Level Annotations

Branches:
Dungeon (9/15)             Temple (0/1) D:7            Lair (6/6) D:8
  Swamp (0/4) Lair:3       Spider (0/4) Lair:3        Slime (0/5) Lair:5
    Orc (2/2) D:9             Elf (1/3) Orc:2

Altars:
Elyvilon
Gozag
Makhleb
Qazlal
Sif Muna
Wu Jian
Beogh

Shops:
D:5 :=   Orc:2 [(*(


Innate Abilities, Weirdness & Mutations

You have claws for feet.
You are completely covered in yellow scales. (AC +4, rCorr)
A demonic guardian rushes to your aid.
Your magical and physical power is slightly enhanced at high health.
When hurt, damage is shared between your health and your magic reserves.
You regenerate magic rapidly.


Message History

You slash the deep elf mage! You freeze the deep elf mage.
Your kick misses the deep elf mage.
The deep elf mage is moderately wounded.
You block the deep elf mage's attack.
The deep elf archer shoots an arrow.
The arrow hits you.
* * * LOW HITPOINT WARNING * * *
The deep elf mage gestures at you while chanting.
You block the lance of force.
The battlesphere fires!
The barrage of energy hits you!
* * * LOW HITPOINT WARNING * * *
Your plate armour prevents you from hitting the deep elf mage.
The deep elf mage is moderately wounded.
You block the deep elf mage's attack.
The deep elf archer shoots an arrow.
The arrow hits you!
* * * LOW HITPOINT WARNING * * *
You hit the deep elf mage. You freeze the deep elf mage.
The deep elf mage is heavily wounded.
The deep elf mage points at you and mumbles some strange words.
The lance of force hits you!
You die...

#####.##.###.## ...#
..............#### ...# .
....(..###.......###...#..
.....)..##................
........#^.))........#.....
........#...##..e....#...>..
................(###.#.#....
).....###.######)(...#......
.###### #.# #@#########..
....# #.# #e....#(....
##.... #.# #..(..#..#.
#..... #.# #.#.*...##
.........# #.......#
.#.#.... ## #........# ...
#........# #.........#
#....ยง...#.#


You could see a deep elf archer, a deep elf mage, a scimitar of protection and a
battlesphere.

Vanquished Creatures
  Kirke (Lair:5)
  3 hydras
  Erolcha (D:9)
  2 two-headed ogres
  2 orc high priests (Orc:2)
  3 deep elf knights (Elf:1)
  2 orc knights (Orc:2)
  2 orc sorcerers (Orc:2)
  The ghost of dscm the Poker, a novice OpFi (D:7)
  2 elephants (Lair:4)
  5 deep elf magi (Elf:1)
  Joseph (D:7)
  17 spiny frogs
  5 komodo dragons
  2 rime drakes
  A polar bear (Lair:6)
  A queen bee (Lair:5)
  4 tyrant leeches (Lair:6)
  9 blink frogs (Lair:6)
  7 hippogriffs
  A redback (Lair:3)
  Sigmund (D:3)
  17 yaks
  A spriggan (Lair:2)
  Eustachio (D:5)
  2 wyverns
  A fire elemental (Elf:1)
  3 hogs (Lair:5)
  5 wargs
  5 vampire mosquitoes (Lair:6)
  7 water moccasins
  8 porcupines
  22 orc warriors
  4 sky beasts
  An ice beast (D:7)
  7 ogres
  2 phantoms
  A centaur (D:9)
  5 crocodiles
  Blork the orc (D:5)
  3 big kobolds
  24 bullfrogs
  A gnoll sergeant (D:9)
  3 scorpions
  13 killer bees (Lair:5)
  A howler monkey (D:6)
  2 electric eels
  3 centaur zombies
  3 crimson imps
  10 jellies (Lair:5)
  A bullfrog zombie (D:6)
  17 orc wizards
  17 orc priests
  Terence (D:2)
  4 worker ants
  A hound skeleton (D:5)
  A howler monkey zombie (D:5)
  A howler monkey skeleton (D:5)
  15 gnolls
  11 adders
  7 river rats (Sewer)
  5 oozes
  An adder zombie (D:8)
  2 adder skeletons
  6 worms
  2 leopard geckos (D:3)
  64 orcs
  7 giant cockroaches
  6 goblins
  8 hobgoblins
  9 jackals
  3 quokkas
  5 ball pythons
  6 bats
  4 frilled lizards
  25 kobolds
  A leopard gecko skeleton (D:6)
  A quokka zombie (D:5)
  31 rats
  A fungus (Lair:2)
  4 plants
496 creatures vanquished.

Vanquished Creatures (collateral kills)
  An orc warlord (Orc:2)
  A minotaur (Lab)
  A hydra (Lair:1)
  A dancing weapon (Elf:1)
  A two-headed ogre (D:8)
  An orc high priest (Orc:2)
  The ghost of kalagan the Thaumaturge, a novice DEFE of Vehumet (D:8)
  A deep elf archer (Elf:1)
  2 deep elf magi (Elf:1)
  An orc sorcerer (Orc:2)
  A black mamba (Lair:4)
  7 elephants (Lair:4)
  2 komodo dragons
  2 spiny frogs (Lair:6)
  3 meliai (Lair:5)
  A hippogriff (Lair:6)
  10 blink frogs
  4 dream sheep (Lair:6)
  A wyvern (Lair:6)
  11 yaks
  3 hogs (Lair:5)
  A fire elemental (Elf:1)
  A steam dragon (D:8)
  A vampire mosquito (Lair:6)
  3 water moccasins
  3 orc warriors
  2 centaurs
  A crocodile (Lair:6)
  4 bullfrogs
  A big kobold (Sewer)
  7 killer bees (Lair:5)
  The ghost of wilfster70 the Sneak, a weakling GnEn of Kikubaaqudgha (D:3)
  2 orc priests (Orc:2)
  6 orc wizards
  An adder zombie (D:5)
  14 orcs
  A fungus (Lair:6)
105 creatures vanquished.

Vanquished Creatures (others)
  A deep elf knight (Elf:1)
  An orc (Orc:2)
  2 bushes
  10 fungi
  45 plants
59 creatures vanquished.

Grand Total: 660 creatures vanquished

Notes
Turn   | Place    | Note
-------+----------+-------------------------------------------
     0 | D:1      | lysyklops the Demonspawn Berserker began the quest for the Orb.
     0 | D:1      | Reached XP level 1. HP: 18/18 MP: 1/1
   241 | D:1      | Reached skill level 3 in Axes
   289 | D:1      | Gained mutation: You have sharp toenails. [demonic ancestry]
   289 | D:1      | Reached XP level 2. HP: 22/24 MP: 2/2
   651 | D:2      | Reached ** piety under Trog
   961 | D:2      | Noticed Terence
   970 | D:2      | Killed Terence
   970 | D:2      | Gained mutation: You are partially covered in yellow scales. (AC +2) [demonic ancestry]
   970 | D:2      | Reached XP level 3. HP: 30/30 MP: 3/3
  1010 | D:2      | Gained mutation: You have razor-sharp toenails. [demonic ancestry]
  1010 | D:2      | Reached XP level 4. HP: 35/37 MP: 4/4
  1795 | D:3      | Reached skill level 4 in Axes
  1829 | D:3      | Found a deep blue altar of Sif Muna.
  1841 | D:3      | Gained mutation: A weak demonic guardian rushes to your aid. [demonic ancestry]
  1841 | D:3      | Reached XP level 5. HP: 28/42 MP: 5/5
  2066 | D:3      | Noticed Sigmund
  2096 | D:3      | Killed Sigmund
  2096 | D:3      | Reached *** piety under Trog
  2222 | D:3      | Noticed wilfster70's ghost (weakling GnEn)
  2228 | D:3      | Killed wilfster70's ghost
  2392 | D:3      | Gained mutation: When hurt, damage is shared between your health and your magic reserves. [demonic ancestry]
  2392 | D:3      | Reached XP level 6. HP: 49/49 MP: 6/6
  2809 | D:4      | Reached skill level 5 in Axes
  2843 | D:4      | Found a stormy altar of Qazlal.
  3433 | D:5      | Entered Level 5 of the Dungeon
  3438 | D:5      | Reached skill level 5 in Fighting
  3451 | D:5      | Noticed a sky beast
  3453 | D:5      | Found Uzuzake's Jewellery Boutique.
  3461 | D:5      | Killed a sky beast
  3461 | D:5      | Gained mutation: You are mostly covered in yellow scales. (AC +3) [demonic ancestry]
  3461 | D:5      | Reached XP level 7. HP: 40/56 MP: 4/7
  3490 | D:5      | Reached skill level 6 in Axes
  3510 | D:5      | Noticed Eustachio
  3528 | D:5      | Killed Eustachio
  3694 | D:5      | Reached skill level 1 in Shields
  3717 | D:5      | Found a white marble altar of Elyvilon.
  3727 | D:5      | Found an opulent altar of Gozag.
  3766 | D:5      | Noticed Blork the orc
  3772 | D:5      | Killed Blork the orc
  3779 | D:5      | Found Qalup's Book Boutique.
  3786 | D:5      | Reached skill level 7 in Axes
  3786 | D:5      | Reached XP level 8. HP: 54/63 MP: 6/8
  3865 | D:5      | Reached **** piety under Trog
  4238 | D:5      | Found an ornate altar of the Wu Jian Council.
  4239 | D:5      | Found a burning altar of Makhleb.
  4803 | D:6      | Found a glowing drain.
  4809 | Sewer    | Entered a sewer
  4846 | Sewer    | Reached skill level 8 in Axes
  5021 | Sewer    | Reached ***** piety under Trog
  5229 | D:6      | Reached skill level 9 in Axes
  5229 | D:6      | Gained mutation: A demonic guardian rushes to your aid. [demonic ancestry]
  5229 | D:6      | Reached XP level 9. HP: 74/74 MP: 9/9
  5369 | D:6      | Got a shimmering wooden ring
  5370 | D:6      | Identified the cursed ring "Qorpho" {rF+ MR+ AC-3 Int+2} (You found it on level 6 of the Dungeon)
  5808 | D:7      | Found a staircase to the Ecumenical Temple.
  5909 | D:7      | Reached skill level 5 in Shields
  5909 | D:7      | Reached XP level 10. HP: 72/80 MP: 8/10
  5915 | D:7      | Noticed Joseph
  5916 | D:7      | Noticed dscm's ghost (novice OpFi)
  5922 | D:7      | Killed dscm's ghost
  5922 | D:7      | Reached skill level 10 in Axes
  5927 | D:7      | Killed Joseph
  6462 | D:8      | Noticed kalagan's ghost (novice DEFE)
  6475 | D:8      | Killed kalagan's ghost
  6709 | D:8      | Found a staircase to the Lair.
  6721 | D:8      | Noticed a two-headed ogre
  6729 | D:8      | Killed a two-headed ogre
  7444 | Lair:1   | Entered Level 1 of the Lair of Beasts
  7516 | Lair:1   | Noticed a six-headed hydra
  7525 | Lair:1   | Killed a six-headed hydra
  7779 | Lair:1   | Noticed a spiny frog
  7789 | Lair:1   | Killed a spiny frog
  8429 | Lair:2   | Gained mutation: You are completely covered in yellow scales. (AC +4, rCorr) [demonic ancestry]
  8429 | Lair:2   | Reached XP level 11. HP: 87/87 MP: 11/11
  8485 | Lair:2   | Noticed a seven-headed hydra
  8494 | Lair:2   | Killed a seven-headed hydra
  8621 | Lair:2   | Received a gift from Trog
  8622 | Lair:2   | Reached skill level 11 in Axes
  9546 | Lair:3   | Found a hole to the Spider Nest.
 10310 | Lair:3   | Reached skill level 5 in Maces & Flails
 10330 | Lair:3   | Found a staircase to the Swamp.
 10980 | Lair:4   | Gained mutation: You regenerate magic rapidly. [demonic ancestry]
 10980 | Lair:4   | Reached XP level 12. HP: 21/95 MP: 2/12
 11872 | Lair:5   | Found a labyrinth entrance.
 11895 | Lab      | Entered a labyrinth
 12096 | Lab      | Noticed a minotaur
 12110 | Lab      | Killed a minotaur
 12133 | Lab      | Found the +3 salamander hide armour {+Rage rF++}
 12152 | Lair:5   | Found a staircase to the Slime Pits.
 12173 | Lair:5   | Received a gift from Trog
 12517 | Lair:5   | Noticed Kirke
 12538 | Lair:5   | Killed Kirke
 12538 | Lair:5   | Reached skill level 10 in Fighting
 13292 | Lair:6   | Entered Level 6 of the Lair of Beasts
 13504 | Lair:6   | Received a gift from Trog
 13520 | Lair:6   | Reached skill level 10 in Armour
 13520 | Lair:6   | Gained mutation: Your magical and physical power is slightly enhanced at high health. [demonic ancestry]
 13520 | Lair:6   | Reached XP level 13. HP: 80/104 MP: 13/13
 13527 | Lair:6   | Reached skill level 10 in Shields
 14153 | Lair:6   | HP: 5/105 [komodo dragon (5)]
 14175 | Lair:6   | HP: 2/105 [blink frog (7)]
 15261 | D:9      | Found a staircase to the Orcish Mines.
 15284 | D:9      | Noticed Erolcha
 15302 | D:9      | Killed Erolcha
 15302 | D:9      | Received a gift from Trog
 15305 | D:9      | Reached ****** piety under Trog
 16140 | Orc:1    | Entered Level 1 of the Orcish Mines
 16308 | Orc:2    | Entered Level 2 of the Orcish Mines
 16585 | Orc:2    | Received a gift from Trog
 16643 | Orc:2    | Noticed an orc warlord
 16682 | Orc:2    | Killed an orc warlord
 16704 | Orc:2    | Found a staircase to the Elven Halls.
 16717 | Orc:2    | Found Naro's Antique Armour Emporium.
 16732 | Orc:2    | Found a roughly hewn altar of Beogh.
 16748 | Orc:2    | Found Fampuh's Antique Weapon Shoppe.
 16786 | Orc:2    | Found a roughly hewn altar of Beogh.
 17127 | Orc:2    | Found a roughly hewn altar of Beogh.
 17216 | Orc:2    | Found a roughly hewn altar of Beogh.
 17224 | Orc:2    | Found Ozalen's Antique Weapon Shoppe.
 17292 | Orc:2    | Found a roughly hewn altar of Beogh.
 17422 | Orc:2    | Found a roughly hewn altar of Beogh.
 17427 | Orc:2    | Reached skill level 12 in Axes
 17428 | Orc:2    | Found Ittos's General Store.
 17441 | Orc:2    | Bought a +1 war axe of freezing for 146 gold pieces
 17521 | Elf:1    | Entered Level 1 of the Elven Halls
 17530 | Elf:1    | Gained mutation: You have claws for feet. [demonic ancestry]
 17530 | Elf:1    | Reached XP level 14. HP: 101/113 MP: 14/14
 17548 | Elf:1    | Received a gift from Trog
 17881 | Elf:1    | Killed from afar by a deep elf mage

Skill      XL: |  1  2  3  4  5  6  7  8  9 10 11 12 13 14 |
---------------+-------------------------------------------+-----
Axes           | 3 4 5 7 9 10 11 12 | 12.3
Armour         | 2 3 6 7 8 10 11 | 11.0
Fighting       | 4 5 8 9 10 11 | 11.4
Shields        | 1 4 5 7 9 11 | 11.7
Maces & Flails | 4 5 6 |  6.2
Dodging        | |  1.7
Stealth        | |  0.4

Action                   |  1- 3 |  4- 6 |  7- 9 | 10-12 | 13-15 || total
-------------------------+-------+-------+-------+-------+-------++-------
Melee: Hand axe          |    56 |   161 |   260 |   452 |   550 ||  1479
       Kick              |    11 |    46 |    80 |   199 |   213 ||   549
       Mace              |       |       |       |    11 |       ||    11
       Morningstar       |       |       |       |    86 |    23 ||   109
       War axe           |       |       |       |       |    93 ||    93
Invok: Berserk           |     2 |     1 |     1 |    10 |     6 ||    20
       Burn Spellbooks   |       |       |       |     2 |     3 ||     5
  Use: Scroll            |       |     8 |     6 |    14 |     4 ||    32
       Potion            |       |       |     1 |     4 |     1 ||     6
 Stab: Sleeping          |     1 |     1 |       |       |       ||     2
       Distracted        |       |       |     1 |     4 |     2 ||     7
  Eat: Chunk             |     2 |     8 |     6 |    19 |    13 ||    48
       Ration            |       |       |     1 |     4 |     3 ||     8
Armor: Animal skin       |    10 |    34 |       |       |       ||    44
       Plate armour      |       |    40 |   134 |   305 |   177 ||   656
Dodge: Dodged            |    22 |    93 |    52 |    92 |    61 ||   320
Block: Buckler           |       |     5 |    40 |    36 |       ||    81
       Large shield      |       |       |       |   397 |   403 ||   800
